 Dungeon Crawl Stone Soup version 0.23.0-28-g6fe0f4d (webtiles) character file.

Game seed: 0

195218 Lanoc the Severer (level 19, -13/137 HPs)
             Began as a Formicid Fighter on Feb 25, 2019.
             Was the Champion of Uskayaw.
             Shot with a bolt by a vault warden (14 damage)
             ... on level 1 of the Vaults.
             The game lasted 01:26:55 (33151 turns).

Lanoc the Severer (Formicid Fighter)               Turns: 33151, Time: 01:26:56

Health: -13/137    AC: 30    Str: 27    XL:     19   Next: 2%
Magic:  29/29      EV: 12    Int:  9    God:    Uskayaw [******]
Gold:   2210       SH: 13    Dex: 17    Spells: 18/18 levels left

rFire    . . .     SeeInvis +   y - +7 executioner's axe (chop)
rCold    + . .     Gourm    .   c - +0 shield
rNeg     . . .     Faith    +   D - +4 crystal plate armour
rPois    +         Spirit   .   (helmet unavailable)
rElec    .         Reflect  .   M - +0 cloak of Astrezum {rPois}
rCorr    +         Harm     .   (no gloves)
MR       ++...                  I - +0 pair of boots of the Vanishing Souls {rPois MR+ Str+2 Dex+4}
Stlth    ..........             t - amulet of faith
HPRegen  0.32/turn              n - ring of resist corrosion
MPRegen  0.21/turn              N - +4 ring of slaying

@: marked
A: permanent stasis, dig shafts and tunnels, four strong arms, antennae 3, cold
resistance 1, frail 1
}: 1/15 runes: gossamer
a: Dig, Shaft Self, Stomp, Line Pass, Grand Finale, Renounce Religion


You were on level 1 of the Vaults.
You worshipped Uskayaw.
Uskayaw was pleased with you.
You were not hungry.

You visited 6 branches of the dungeon, and saw 29 of its levels.
You visited the Abyss 1 time.
You visited 1 bazaar.
You also visited: Sewer and Ossuary.

You collected 2712 gold pieces.
You spent 502 gold pieces at shops.

Inventory:

Hand Weapons
 a - a +1 war axe of flaming
 p - a +7 arbalest of flaming
 y - a +7 executioner's axe of chopping (weapon)
Armour
 c - a +0 shield (worn)
 D - a +4 crystal plate armour (worn)
 I - the +0 pair of boots of the Vanishing Souls (worn) {rPois MR+ Str+2 Dex+4}
   (You found it on level 12 of the Dungeon)

   It affects your strength (+2).
   It affects your dexterity (+4).
   It protects you from poison.
   It affects your resistance to hostile enchantments.
 M - the +0 cloak of Astrezum (worn) {rPois}
   (You found it on level 12 of the Dungeon)

   It protects you from poison.
 T - a +0 large shield
Jewellery
 n - a ring of resist corrosion (left hand)
 s - an uncursed ring of protection from cold
 t - an amulet of faith (around neck)
 N - a +4 ring of slaying (right hand)
 W - the ring of Nickaeczoro {+Fly Str+6}
   (You found it on level 4 of the Spider Nest)

   [ring of flight]

   It affects your strength (+6).
   It lets you fly.
Wands
 l - a wand of polymorph (3)
 u - a wand of acid (13)
 v - a wand of random effects (59)
 x - a wand of paralysis (15)
 G - a wand of digging (10)
 J - a wand of iceblast (26)
 S - a wand of flame (17)
Scrolls
 e - 11 scrolls of identify
 j - 16 scrolls of remove curse
 m - 3 scrolls of magic mapping
 r - 4 scrolls of amnesia
 z - 4 scrolls of fear
 B - a scroll of summoning
 F - 3 scrolls of fog
 H - a scroll of silence
 O - 3 scrolls of immolation
 U - a scroll of enchant armour
Potions
 b - 3 potions of cancellation
 d - 3 potions of might
 h - 9 potions of lignification
 i - 9 potions of curing
 k - a potion of magic
 q - 4 potions of brilliance
 w - 6 potions of agility
 A - 3 potions of flight
 C - 2 potions of invisibility
 E - 3 potions of mutation
 K - 2 potions of heal wounds
 P - 3 potions of ambrosia
 V - a potion of resistance
Miscellaneous
 o - a fan of gales
 L - a lightning rod (4/4)
 Q - a phantom mirror
Comestibles
 f - 28 rations


   Skills:
 + Level 14.3 Fighting
 * Level 17.7 Axes
 + Level 14.3 Armour
 + Level 12.0 Dodging
 + Level 11.2 Shields
 + Level 14.3 Invocations


You had 18 spell levels left.
You didn't know any spells.
Your spell library contained the following spells:

 Spells                   Type           Power        Failure   Level  Hunger
 Animate Skeleton         Necr           N/A          100%        1    ##.....
 Apportation              Tloc           #.....       100%        1    ##.....
 Corona                   Hex            #......      100%        1    ##.....
 Infusion                 Chrm           #...         100%        1    ##.....
 Magic Dart               Conj           #...         100%        1    ##.....
 Pain                     Necr           #...         100%        1    ##.....
 Summon Butterflies       Summ           #.......     100%        1    ##.....
 Poisonous Vapours        Pois/Air       #.....       100%        2    ###....
 Searing Ray              Conj           #.....       100%        2    ###....
 Shroud of Golubria       Chrm/Tloc      #.........   100%        2    ###....
 Slow                     Hex            #.......     100%        2    ###....
 Song of Slaying          Chrm           #.......     100%        2    ###....
 Swiftness                Chrm/Air       #.......     100%        2    ###....
 Dazzling Spray           Conj/Hex       #.....       100%        3    ####...
 Ignite Poison            Fire/Tmut/Pois #.......     100%        3    ####...
 Inner Flame              Hex/Fire       #.......     100%        3    ####...
 Lesser Beckoning         Tloc           #.........   100%        3    ####...
 Portal Projectile        Hex/Tloc       #.....       100%        3    ####...
 Regeneration             Chrm/Necr      #.........   100%        3    ####...
 Spectral Weapon          Hex/Chrm       #.......     100%        3    ####...
 Tukima's Dance           Hex            #.......     100%        3    ####...
 Vampiric Draining        Necr           #.........   100%        3    ####...
 Airstrike                Air            #.........   100%        4    #####..
 Animate Dead             Necr           N/A          100%        4    #####..
 Cause Fear               Hex            #.........   100%        4    #####..
 Force Lance              Conj/Tloc      #.......     100%        4    #####..
 Fulminant Prism          Conj/Hex       #.........   100%        4    #####..
 Iskenderun's Mystic Bla  Conj           #.......     100%        4    #####..
 Leda's Liquefaction      Hex/Erth       #.........   100%        4    #####..
 Alistair's Intoxication  Tmut/Pois      #.......     100%        5    ######.
 Fireball                 Conj/Fire      #.........   100%        5    ######.
 Irradiate                Conj/Tmut      #.........   100%        5    ######.
 Lightning Bolt           Conj/Air       #.........   100%        5    ######.
 Bolt of Fire             Conj/Fire      #.........   100%        6    #######
 Freezing Cloud           Conj/Ice/Air   #.........   100%        6    #######
 Hydra Form               Tmut           #.........   100%        6    #######
 Invisibility             Hex            #.......     100%        6    #######
 Statue Form              Tmut/Erth      #........    100%        6    #######
 Dragon Form              Tmut           #.........   100%        7    #######
 Ring of Flames           Chrm/Fire      #.........   100%        7    #######
 Ignition                 Fire           #.........   100%        8    #######


Dungeon Overview and Level Annotations

Branches:
Dungeon (15/15)            Temple (1/1) D:5            Lair (6/6) D:10
 Shoals (0/4) Lair:3       Spider (4/4) Lair:4        Slime (0/5) Lair:6
    Orc (2/2) D:9             Elf (0/3) Orc:2        Vaults (1/5) D:13
 Depths (0/5) D:15

Altars:
Ashenzari
Cheibriados
Dithmenos
Elyvilon
Fedhas
Gozag
Hepliaklqana
Kikubaaqudgha
Makhleb
Nemelex Xobeh
Okawaru
Qazlal
Ru
Sif Muna
Trog
Uskayaw
Vehumet
Wu Jian
Xom
Yredelemnul
Zin
The Shining One
Beogh
Jiyva

Shops:
D:5 (   D:8 =   Orc:2 :(:[

Portals:
Trove: D:15 (give +2 storm dragon scales)

Annotations:
D:8 3 runed translucent doors, Weed's ghost, novice OpVM
D:15 trove +2 storm dragon scales
Lair:2 2 transporters, Kairos's ghost, journeyman VSFi


Innate Abilities, Weirdness & Mutations

You cannot be hasted, slowed, berserked, paralysed or teleported.
You can dig through walls and to a lower floor.
Your four strong arms can wield two-handed weapons with a shield.
You have a pair of large antennae on your head. (SInv)
Your flesh is cold resistant. (rC+)
You are frail. (-10% HP)


Message History

The deep elf annihilator is almost dead.
The vault sentinel blows a loud note on a signal horn!
The deep elf archer blinks!
The deep elf annihilator casts a spell at you.
The crystal spear hits you!
* * * LOW HITPOINT WARNING * * *
You closely miss the deep elf annihilator.
The deep elf annihilator is almost dead.
The runic seal fades away.
The deep elf annihilator points at you and mumbles some strange words.
The iron shot misses you.
The vault warden shoots a bolt.
The bolt hits you but does no damage.
Items here: (( ) [ a large rock; 2 bolts; a +0 dire flail of crushing; a +0 leather armour You open the door.
The deep elf annihilator gestures at you while chanting.
The crystal spear hits you!!!
* * * LOW HITPOINT WARNING * * *
The vault warden shoots a bolt.
The bolt hits you!
You die...

#...∩...#
#.......#
#.......#
#......)#
#.......#
#.......#
#.......#
###'#####
#@)# #e)#
#ee##p[#


#ee p.# ..##{{##pp #.. p.# ## +# p You could see a vault warden, 3 vault guards,
a deep elf annihilator, a vault sentinel, a deep elf archer, a deep elf knight
and a deep elf mage.

Vanquished Creatures
  Bai Suzhen (Spider:4)
  Arachne (Spider:4)
  The ghost of Detar the Severer, an adept HOFi of Beogh (Spider:4)
  Kirke (Spider:1)
  3 orc warlords
  2 ghost moths (Spider:4)
  4 emperor scorpions
  Louise (Spider:1)
  2 ironheart preservers (Vaults:1)
  4 entropy weavers
  The ghost of Uhlv the Cruncher, a journeyman FoAr of Okawaru (D:13)
  Snorg (Orc:2)
  A fire dragon (Lair:6)
  5 spark wasps (Spider:4)
  The ghost of Ceyvaan the Thaumaturge, a journeyman DEFE of Sif Muna (Lair:3)
  Fannar (D:11)
  2 hydras (Lair:6)
  4 rakshasas
  Harold (D:9)
  5 centaur warriors
  5 vault guards (D:13)
  A catoblepas (Lair:3)
  6 two-headed ogres
  2 tengu warriors
  A queen ant (Spider:3)
  10 death yaks
  3 orc high priests (Orc:2)
  Urug (Lair:3)
  An iron troll (D:9)
  A fire crab (Lair:6)
  An unseen horror (D:12)
  A glowing orange brain (D:15)
  An ironbrand convoker (Vaults:1)
  A lindwurm (Lair:6)
  3 orc sorcerers (Orc:2)
  12 ugly things
  3 oklob plants (Lair:5)
  31 wolf spiders
  4 orc knights
  A manticore (shapeshifter) (D:15)
  17 orb spiders
  A salamander (shapeshifter) (D:14)
  A deep elf mage (D:15)
  A manticore (D:15)
  2 moths of wrath
  3 cyclopes
  A vault sentinel (Vaults:1)
  3 centaur zombies
  7 black mambas
  3 torpor snails
  2 molten gargoyles (Lair:6)
  7 spiny frogs
  Psyche (D:9)
  4 elephants (Lair:4)
  5 rime drakes
  6 centaur skeletons
  A kobold demonologist (D:13)
  A yaktaur (D:13)
  A tengu conjurer (D:13)
  8 demonic crawlers
  2 freezing wraiths
  9 komodo dragons
  4 red devils (D:14)
  16 trolls
  2 polar bears
  41 jumping spiders
  3 meliai (Spider:3)
  9 slime creatures
  9 hornets
  13 hippogriffs
  A snapping turtle (Lair:3)
  2 dream sheep (D:11)
  8 blink frogs
  A spectral lindwurm (Lair:3)
  2 spectral black mambas (Lair:3)
  A spriggan (Lair:6)
  90 redbacks
  A centaur simulacrum (D:15)
  A shadow (D:14)
  50 tarantellas
  A wraith (D:14)
  7 basilisks
  6 hogs
  3 humans
  9 wyverns
  A spectral komodo dragon (Lair:3)
  A neqoxec (Abyss:1)
  2 hungry ghosts
  39 yaks
  3 steam dragons
  3 vampire mosquitoes (D:15)
  An acid dragon (D:12)
  4 wargs
  11 soldier ants
  3 hell hounds (Lair:6)
  7 porcupines
  10 water moccasins
  32 orc warriors
  8 sky beasts
  A black bear (D:12)
  2 hornet zombies
  13 ogres
  3 phantoms
  A black mamba simulacrum (Lair:3)
  A necrophage (D:10)
  An eye of draining (shapeshifter) (D:15)
  4 ice beasts
  9 wolves
  18 centaurs
  9 big kobolds
  16 crocodiles
  24 bullfrogs
  2 spiny frog simulacra (Lair:3)
  5 scorpions
  4 wights (D:10)
  5 electric eels
  A howler monkey (D:12)
  2 bullfrog zombies
  5 crimson imps
  5 lava snakes (Lair:6)
  8 hounds
  A quasit (D:11)
  28 orc priests
  3 bullfrog skeletons
  5 jellies
  Ijyb (D:4)
  6 iguanas
  31 orc wizards
  Terence (D:3)
  30 worker ants
  11 mummies (Ossuary)
  7 gnolls
  17 adders
  A river rat (Sewer)
  4 shadow imps
  7 oozes
  2 adder skeletons
  5 worms
  A dart slug (D:1)
  7 leopard geckos
  124 orcs
  7 ball pythons
  9 bats
  9 giant cockroaches
  6 goblins
  6 hobgoblins
  12 jackals
  18 kobolds
  8 quokkas
  4 frilled lizards
  2 giant cockroach zombies
  2 gnoll skeletons (Ossuary)
  3 goblin skeletons (Ossuary)
  A jackal zombie (D:7)
  A kobold skeleton (Ossuary)
  A leopard gecko zombie (D:7)
  2 orc skeletons (Ossuary)
  10 rats
  11 rat skeletons (Ossuary)
  4 fungi
  19 plants
1188 creatures vanquished.

Vanquished Creatures (others)
  An ogre mage (D:13)
  A torpor snail (Spider:3)
  2 jumping spiders
  An orc (Orc:2)
  A bush (Lair:6)
  2 fungi
  7 plants
15 creatures vanquished.

Grand Total: 1203 creatures vanquished

Notes
Turn   | Place    | Note
-------+----------+-------------------------------------------
     0 | D:1      | Lanoc the Formicid Fighter began the quest for the Orb.
     0 | D:1      | Reached XP level 1. HP: 18/18 MP: 1/1
   127 | D:1      | Reached XP level 2. HP: 19/24 MP: 2/2
   292 | D:1      | Reached XP level 3. HP: 29/29 MP: 3/3
   913 | D:2      | Reached skill level 1 in Dodging
   913 | D:2      | Reached XP level 4. HP: 8/37 MP: 4/4
  1025 | D:2      | Reached skill level 3 in Axes
  1365 | D:2      | Reached XP level 5. HP: 32/42 MP: 5/5
  1836 | D:3      | Noticed Terence
  1854 | D:3      | Killed Terence
  1874 | D:3      | Found an ancient bone altar of Kikubaaqudgha.
  2233 | D:3      | Reached XP level 6. HP: 31/48 MP: 6/6
  2693 | D:4      | Found a glowing drain.
  2702 | D:4      | Reached skill level 4 in Axes
  2704 | D:4      | Noticed Ijyb
  2713 | Sewer    | Entered a sewer
  3086 | Sewer    | Reached XP level 7. HP: 14/55 MP: 7/7
  3089 | Sewer    | Reached skill level 5 in Shields
  3786 | D:4      | Killed Ijyb
  3786 | D:4      | Reached skill level 5 in Axes
  3833 | D:4      | Reached XP level 8. HP: 43/61 MP: 8/8
  4382 | D:5      | Entered Level 5 of the Dungeon
  4454 | D:5      | Found a sand-covered staircase.
  4458 | Ossuary  | Entered an ossuary
  4553 | Ossuary  | Reached skill level 5 in Armour
  4583 | Ossuary  | Reached skill level 5 in Fighting
  4950 | D:5      | Found Relerho's Antique Weapon Emporium.
  4984 | D:5      | Reached skill level 6 in Axes
  5254 | D:5      | Found a staircase to the Ecumenical Temple.
  5286 | Temple   | Entered the Ecumenical Temple
  5521 | Temple   | Became a worshipper of Uskayaw the Reveler
  5643 | D:5      | Reached * piety under Uskayaw
  6027 | D:5      | Reached ** piety under Uskayaw
  6076 | D:6      | Reached XP level 9. HP: 68/68 MP: 9/9
  6178 | D:6      | Reached *** piety under Uskayaw
  6202 | D:6      | Found a hazy altar of Hepliaklqana.
  6342 | D:6      | Reached skill level 1 in Invocations
  6488 | D:6      | Reached skill level 7 in Axes
  6748 | D:7      | Identified Julugeto's Compendium of Self-Knowledge and
                  | Weightlessness
  6872 | D:7      | Reached **** piety under Uskayaw
  6875 | D:7      | Reached ***** piety under Uskayaw
  6991 | D:7      | Noticed a hippogriff
  6998 | D:7      | Killed a hippogriff
  6998 | D:7      | Reached XP level 10. HP: 66/77 MP: 12/12
  7377 | D:8      | Reached skill level 8 in Axes
  7746 | D:8      | Found a basalt altar of Yredelemnul.
  7883 | D:8      | Found Buodez's Jewellery Emporium.
  8053 | D:8      | Found a runed translucent gate.
  8055 | D:8      | Found a runed translucent gate.
  8055 | D:8      | Noticed a two-headed ogre
  8055 | D:8      | Noticed Weed's ghost (novice OpVM)
  8065 | D:8      | Found a runed translucent gate.
  8751 | D:9      | Found a shattered altar of Ashenzari.
  8752 | D:9      | Found a white marble altar of Elyvilon.
  8759 | D:9      | Reached skill level 5 in Dodging
  8886 | D:9      | Noticed Psyche
  8891 | D:9      | Cast into level 1 of the Abyss (Psyche)
  8891 | Abyss:1  | Found a corrupted altar of Lugonu.
  8915 | Abyss:1  | Found a corrupted altar of Lugonu.
  8929 | Abyss:1  | Gained mutation: You are frail. (-10% HP) [a neqoxec]
  8951 | Abyss:1  | Gained mutation: Your flesh is cold resistant. (rC+) [a
                  | neqoxec]
  8969 | Abyss:1  | Noticed a large abomination
  8974 | Abyss:1  | Noticed a thrashing horror
  8989 | Abyss:1  | Noticed an apocalypse crab
  8999 | Abyss:1  | Noticed a daeva
  9002 | Abyss:1  | Noticed a smoke demon
  9003 | D:9      | Escaped the Abyss
  9010 | D:9      | Killed Psyche
  9219 | D:5      | Bought a glowing executioner's axe for 364 gold pieces
  9400 | D:9      | Noticed Harold
  9416 | D:9      | Killed Harold
  9477 | D:9      | Reached skill level 9 in Axes
  9477 | D:9      | Reached XP level 11. HP: 72/75 MP: 14/14
  9480 | D:9      | Reached skill level 5 in Invocations
  9506 | D:9      | Found a staircase to the Orcish Mines.
  9863 | D:9      | Noticed an iron troll
  9870 | D:9      | Killed an iron troll
 10275 | D:10     | Entered Level 10 of the Dungeon
 10286 | D:10     | Found a staircase to the Lair.
 10397 | D:10     | Reached skill level 10 in Axes
 11451 | D:11     | Reached XP level 12. HP: 76/84 MP: 16/16
 11466 | D:11     | Found a flickering gateway to a bazaar.
 11478 | Bazaar   | Entered a bazaar
 11478 | Bazaar   | Found Xoramiwk's Magic Scroll Shoppe.
 11478 | Bazaar   | Found Polo's Gadget Boutique.
 11478 | Bazaar   | Found Naroomn's Food Shoppe.
 11478 | Bazaar   | Found Ciatopas's Distillery.
 11480 | Bazaar   | Found Ugeg Zoh's Gadget Emporium.
 11480 | Bazaar   | Found Xoekhok's Armour Shop.
 11504 | Bazaar   | Bought a scroll of fog for 34 gold pieces
 11504 | Bazaar   | Bought a scroll of identify for 34 gold pieces
 11504 | Bazaar   | Bought a scroll of identify for 34 gold pieces
 11531 | Bazaar   | Bought a potion of lignification for 36 gold pieces
 11552 | D:11     | Noticed Fannar
 11568 | D:11     | Killed Fannar
 11942 | D:11     | Noticed a three-headed hydra
 12142 | D:11     | Noticed a two-headed ogre
 12152 | D:11     | Killed a two-headed ogre
 12429 | D:11     | Reached skill level 11 in Axes
 12584 | D:11     | Noticed a two-headed ogre
 12591 | D:11     | Killed a two-headed ogre
 12885 | D:12     | Noticed a two-headed ogre
 12894 | D:12     | Killed a two-headed ogre
 13079 | D:12     | Noticed a two-headed ogre
 13085 | D:12     | Killed a two-headed ogre
 13167 | D:12     | Noticed an unseen horror
 13171 | D:12     | Killed an unseen horror
 13383 | D:12     | Noticed a two-headed ogre
 13388 | D:12     | Killed a two-headed ogre
 13388 | D:12     | Reached XP level 13. HP: 78/90 MP: 19/19
 13450 | D:12     | Got a pair of scorched boots
 13455 | D:12     | Got a twisted cloak
 13541 | D:12     | Got a blackened quarterstaff
 13542 | D:12     | Identified the +2 quarterstaff "Unwalyry" {antimagic,
                  | Int+3} (You found it on level 12 of the Dungeon)
 13551 | D:12     | Identified the cursed +0 pair of boots of the Vanishing
                  | Souls {rPois MR+ Str+2 Dex+4} (You found it on level 12 of
                  | the Dungeon)
 13561 | D:12     | Identified the cursed +0 cloak of Astrezum {rPois} (You
                  | found it on level 12 of the Dungeon)
 13635 | D:13     | Found a runed translucent door.
 13635 | D:13     | Noticed Uhlv's ghost (journeyman FoAr)
 13897 | D:13     | Noticed a vault guard
 14125 | D:13     | Noticed a vault guard
 14132 | D:13     | Noticed a vault guard
 14146 | D:13     | Killed a vault guard
 14146 | D:13     | Reached skill level 12 in Axes
 14149 | D:13     | Reached ****** piety under Uskayaw
 14356 | D:13     | Killed a vault guard
 14356 | D:13     | Reached skill level 10 in Fighting
 14356 | D:13     | Reached skill level 10 in Armour
 14367 | D:13     | Found a gate to the Vaults.
 14367 | D:13     | Noticed a vault guard
 14367 | D:13     | Noticed a vault guard
 14375 | D:13     | Killed a vault guard
 14375 | D:13     | Killed a vault guard
 14386 | D:13     | Killed a vault guard
 14897 | D:13     | Killed Uhlv's ghost
 15105 | D:14     | Noticed a centaur warrior
 15129 | D:14     | Killed a centaur warrior
 16090 | D:14     | Reached XP level 14. HP: 95/99 MP: 21/21
 16126 | D:14     | Reached skill level 13 in Axes
 16280 | D:15     | Entered Level 15 of the Dungeon
 16587 | D:15     | Reached skill level 10 in Invocations
 17286 | D:15     | Found a portal to a secret trove of treasure.
 17464 | D:15     | Found a staircase to the Depths.
 17827 | Orc:1    | Entered Level 1 of the Orcish Mines
 17908 | Orc:1    | Noticed an orc warlord
 18186 | Orc:1    | Killed an orc warlord
 18186 | Orc:1    | Reached skill level 14 in Axes
 18523 | Orc:2    | Entered Level 2 of the Orcish Mines
 18648 | Orc:2    | Found a roughly hewn altar of Beogh.
 18649 | Orc:2    | Found Tioc's Book Emporium.
 18713 | Orc:1    | Reached XP level 15. HP: 93/107 MP: 23/23
 18772 | Orc:2    | Noticed Snorg
 18788 | Orc:2    | Killed Snorg
 19315 | Orc:2    | Found a roughly hewn altar of Beogh.
 19390 | Orc:2    | Found Hoenout's Antique Armour Shoppe.
 19391 | Orc:2    | Found a roughly hewn altar of Beogh.
 19392 | Orc:2    | Found Loagaazu's Antique Weapon Emporium.
 19417 | Orc:2    | Noticed an orc warlord
 19429 | Orc:2    | Killed an orc warlord
 19436 | Orc:2    | Noticed an orc warlord
 19451 | Orc:2    | Killed an orc warlord
 19838 | Orc:2    | Found a staircase to the Elven Halls.
 19879 | Orc:2    | Found a roughly hewn altar of Beogh.
 19992 | Orc:2    | Found a roughly hewn altar of Beogh.
 19999 | Orc:2    | Found Massakhu's Book Shoppe.
 20116 | Orc:2    | Found a roughly hewn altar of Beogh.
 20227 | Lair:1   | Entered Level 1 of the Lair of Beasts
 21060 | Lair:2   | You fall through a shaft for 2 floors!
 21101 | Lair:4   | Found a hole to the Spider Nest.
 21593 | Lair:2   | Reached skill level 10 in Dodging
 21916 | Lair:2   | Found a transporter.
 21919 | Lair:2   | Noticed Kairos's ghost (journeyman VSFi)
 21957 | Lair:2   | Reached skill level 15 in Axes
 22159 | Lair:2   | Found a transporter.
 22288 | Lair:2   | Identified the cursed +0 chain mail of the Assorted Stars
                  | {rElec Regen+} (You found it on level 2 of the Lair of
                  | Beasts)
 22791 | Lair:3   | Found a runed translucent gate.
 22791 | Lair:3   | Found a runed translucent gate.
 22793 | Lair:3   | Found a runed translucent gate.
 22794 | Lair:3   | Noticed Ceyvaan's ghost (journeyman DEFE)
 23021 | Lair:3   | Noticed Urug
 23033 | Lair:3   | Killed Urug
 23134 | Lair:3   | Killed Ceyvaan's ghost
 23160 | Lair:3   | Found a staircase to the Shoals.
 23502 | Lair:4   | Reached XP level 16. HP: 114/114 MP: 24/24
 25074 | Lair:6   | Entered Level 6 of the Lair of Beasts
 25539 | Lair:6   | Found a viscous altar of Jiyva.
 25540 | Lair:6   | Found a staircase to the Slime Pits.
 26001 | Lair:6   | Found a large runed translucent door.
 26157 | Lair:6   | Found a large runed translucent door.
 26682 | Spider:1 | Entered Level 1 of the Spider Nest
 26857 | Spider:1 | Reached skill level 16 in Axes
 26877 | Spider:1 | Noticed Kirke
 27209 | Spider:1 | Killed Kirke
 27209 | Spider:1 | Reached XP level 17. HP: 115/122 MP: 26/26
 27285 | Spider:1 | HP: 3/122 [disintegration (32)]
 27931 | Spider:1 | Noticed Louise
 27945 | Spider:1 | Killed Louise
 28062 | Spider:2 | Found a frozen archway.
 28062 | Spider:2 | You fall through a shaft!
 29334 | Spider:3 | Got a shimmering quarterstaff
 29335 | Spider:3 | Identified the cursed +1 quarterstaff of Dillited {crush,
                  | +Inv rElec Dex-4 Stlth+} (You found it on level 3 of the
                  | Spider Nest)
 29388 | Spider:3 | Identified a scroll of acquirement
 29456 | Spider:3 | Reached skill level 10 in Shields
 29473 | Spider:3 | Reached XP level 18. HP: 46/130 MP: 28/28
 29475 | Spider:3 | Reached skill level 17 in Axes
 30082 | Spider:4 | Entered Level 4 of the Spider Nest
 30082 | Spider:4 | Noticed Arachne
 30095 | Spider:4 | Killed Arachne
 31045 | Spider:4 | Noticed Bai Suzhen
 31057 | Spider:4 | Killed Bai Suzhen
 31255 | Spider:4 | Found a runed translucent gate.
 31255 | Spider:4 | Found a runed translucent gate.
 31255 | Spider:4 | Found a runed translucent gate.
 31256 | Spider:4 | Noticed Detar's ghost (adept HOFi)
 31275 | Spider:4 | Killed Detar's ghost
 31291 | Spider:4 | Got a sparkling granite ring
 31293 | Spider:4 | Identified the ring of Nickaeczoro {+Fly Str+6} (You found
                  | it on level 4 of the Spider Nest)
 32399 | Spider:4 | Got a gossamer rune of Zot
 32943 | Vaults:1 | Entered Level 1 of the Vaults
 33138 | Vaults:1 | Reached XP level 19. HP: 66/137 MP: 29/29
 33151 | Vaults:1 | HP: 1/137 [deep elf annihilator/crystal spear[an ironheart
                  | preserver] (40)]
 33151 | Vaults:1 | Shot with a bolt by a vault warden

Skill      XL: |  1  2  3  4  5  6  7  8  9 10 11 12 13 14 15 16 17 18 |
---------------+-------------------------------------------------------+-----
Shields        | 4 5 6 7 8 9 10 11 | 11.2
Dodging        | 1 2 3 4 5 6 7 8 9 10 11 12 | 12.0
Axes           | 3 4 5 6 7 9 10 11 12 14 15 16 17 | 17.7
Fighting       | 4 5 6 7 8 9 10 11 12 13 14 | 14.3
Armour         | 4 5 6 7 8 9 10 11 12 13 14 | 14.3
Invocations    | 3 4 6 8 9 10 11 12 13 14 | 14.3

Action                   |  1- 3 |  4- 6 |  7- 9 | 10-12 | 13-15 | 16-18 | 19-21 || total
-------------------------+-------+-------+-------+-------+-------+-------+-------++-------
Melee: War axe           |    87 |   255 |   534 |   224 |       |    16 |       ||  1116
       Executioner's axe |       |       |       |   311 |   748 |   807 |    11 ||  1877
       Unarmed           |       |       |       |       |       |     3 |       ||     3
Invok: Grand Finale      |       |       |       |       |     3 |     5 |       ||     8
 Abil: Dig               |       |       |       |     5 |     4 |     2 |       ||    11
Evoke: Wand              |       |       |       |     3 |     8 |       |       ||    11
  Use: Scroll            |       |       |     2 |    11 |    20 |    11 |       ||    44
       Potion            |       |       |       |     4 |     5 |     5 |       ||    14
 Stab: Paralysed         |       |       |     8 |    32 |    91 |   134 |       ||   265
       Invisible         |       |       |       |       |    10 |       |       ||    10
       Petrified         |       |       |       |       |     3 |       |       ||     3
       Petrifying        |       |       |       |       |     1 |       |       ||     1
       Held in net/web   |       |       |       |       |       |     1 |       ||     1
       Distracted        |       |       |       |       |       |     1 |       ||     1
  Eat: Chunk             |       |     7 |    12 |    23 |    36 |    21 |       ||    99
       Ration            |       |       |     1 |     4 |       |     5 |       ||    10
Armor: Scale mail        |    43 |    92 |    35 |       |       |       |       ||   170
       Plate armour      |       |       |   139 |       |       |       |       ||   139
       Crystal plate arm |       |       |    55 |   373 |   508 |   596 |     5 ||  1537
Dodge: Dodged            |    34 |    87 |   156 |   122 |   338 |   420 |     4 ||  1161
Block: Shield            |    49 |   163 |   276 |   364 |   575 |   614 |     3 ||  2044
